 Dungeon Crawl Stone Soup version 0.25.1-8-g42b30a86e7 (webtiles) character file.

Game seed: 4477783847499802848

1521 wyoknott the Cudgeler (level 8, -10/105 HPs)
             Began as a Hill Orc Fighter on Dec 9, 2020.
             Was a Follower of Beogh.
             Killed by divine providence
             ... invoked by an orc priest
              (14 damage)
             ... on level 7 of the Dungeon.
             The game lasted 00:30:44 (6817 turns).

wyoknott the Cudgeler (Hill Orc Fighter)            Turns: 6817, Time: 00:30:44

Health: -10/105    AC: 18    Str: 21    XL:     8   Next: 84%
Magic:  5/8        EV:  8    Int: 11    God:    Beogh [*.....]
Gold:   140        SH: 15    Dex: 10    Spells: 7/7 levels left

rFire    . . .     SeeInvis .   g - +2 mace (venom)
rCold    + . .     Gourm    .   p - +0 tower shield
rNeg     . . .     Faith    .   F - +4 chain mail of the Gloaming {rC+}
rPois    .         Spirit   .   (no helmet)
rElec    .         Reflect  .   C - +0 cloak
rCorr    .         Harm     .   r - +2 pair of gloves
MR       .....                  (no boots)
Stlth    ..........             (no amulet)
HPRegen  0.27/turn              c - ring of the Ban {EV+4 Int+3}
MPRegen  0.11/turn              (no ring)

@: mighty, berserking, very quick
A: no striking features
a: Renounce Religion


You were on level 7 of the Dungeon.
You worshipped Beogh.
Beogh was aware of your devotion.
You were not hungry.

You visited 2 branches of the dungeon, and saw 8 of its levels.

You collected 358 gold pieces.
You spent 218 gold pieces at shops.

Inventory:

Hand Weapons
 a - a +1 war axe
 g - a +2 mace of venom (weapon)
 t - a +3 mace
 v - a +0 trident of freezing
 G - a +1 mace of draining
Armour
 e - a +0 plate armour
 p - a +0 tower shield (worn)
 r - a +2 pair of gloves (worn)
 C - a +0 cloak (worn)
 F - the +4 chain mail of the Gloaming (worn) {rC+}
   (You bought it in a shop on level 5 of the Dungeon)

   It protects you from cold.
Magical Staves
 b - an uncursed staff of poison {unknown}
Jewellery
 c - the ring of the Ban (left hand) {EV+4 Int+3}
   (You found it on level 6 of the Dungeon)

   [ring of evasion]

   It affects your evasion (+4).
   It affects your intelligence (+3).
Wands
 x - a wand of paralysis (12)
Scrolls
 h - 7 scrolls of teleportation
 u - 2 scrolls of magic mapping
 z - a scroll of random uselessness
 B - a scroll of enchant weapon
 E - 4 scrolls of remove curse
Potions
 i - 2 potions of brilliance
 j - a potion of berserk rage
 k - 2 potions of mutation
 l - 2 potions of ambrosia
 m - a potion of haste {unknown}
 n - a potion of flight {unknown}
 o - a potion of resistance {unknown}
 q - 2 potions of stabbing
 s - a potion of magic {unknown}
 w - a potion of invisibility {unknown}
 A - a potion of heal wounds {unknown}
 D - 2 potions of cancellation {unknown}
Comestibles
 f - 5 rations


   Skills:
 + Level 5.7 Fighting
 + Level 4.7(7.2) Axes
 * Level 7.0(7.4) Maces & Flails
 + Level 5.8 Armour
 + Level 0.7 Dodging
 + Level 6.7 Shields


You had 7 spell levels left.
You didn't know any spells.
Your spell library contained the following spells:

 Spells                   Type           Power        Failure   Level  Hunger
 Freeze                   Ice            #...         100%        1    ##.....
 Frozen Ramparts          Ice            #.....       100%        3    ####...
 Ozocubu's Armour         Chrm/Ice       #.......     100%        3    ####...
 Hailstorm                Conj/Ice       #.......     100%        4    #####..
 Summon Ice Beast         Ice/Summ       #.......     100%        4    #####..


Dungeon Overview and Level Annotations

Branches:
Dungeon (7/15)             Temple (1/1) D:5

Altars:
Ashenzari
Cheibriados
Elyvilon
Gozag
Hepliaklqana
Kikubaaqudgha
Makhleb
Nemelex Xobeh
Okawaru
Qazlal
Sif Muna
Trog
Uskayaw
Vehumet
Wu Jian
Xom
Yredelemnul
Zin
The Shining One

Shops:
D:5 [


Message History

Smite: an orc priest, wielding a +0 club and wearing a +0 leather armour You smite the orc priest!
The orc priest is severely wounded.
You can no longer smite your foes.
You block the orc priest's attack. x2
Your shield and chain mail of the Gloaming prevent you from hitting the orc priest.
The orc priest is severely wounded.
You block the orc priest's attack. x2
You closely miss the orc priest.
The orc priest is severely wounded.
You block the orc priest's attack.
The orc priest mumbles some strange prayers to Beogh against you.
Beogh smites you!
* * * LOW HITPOINT WARNING * * *
A red film seems to cover your vision as you go berserk!
You feel yourself moving faster!
You feel mighty! The hound barely misses you.
The orc priest calls down the wrath of Beogh upon you.
Beogh smites you!
You die...
Beogh appreciates the orc priest's killing of a heretic priest.

############# .....
.......<..... . .....
.############ ....... #
#......## # .... ...> #
#..##.### #
#.#...o)..### #
#......@h...########## #
......o..............# #
.......##.####.#####.###
......# #.# #.# #....
....#. #.# #.# #####
#####. #.# #.# # # #.#
#.# # #.# ... # #.# #


You could see a hound and 2 orc priests.

Vanquished Creatures
  Eustachio (D:5)
  A sky beast (D:5)
  An ice beast (D:5)
  A centaur (D:6)
  3 ogres
  A bullfrog (D:7)
  A scorpion (D:5)
  4 crimson imps
  3 hounds
  2 orc wizards
  A bullfrog skeleton (D:6)
  An orc priest (D:7)
  A centaur skeleton (D:7)
  An iguana (D:5)
  5 worker ants
  A howler monkey zombie (D:7)
  6 adders
  2 shadow imps (D:6)
  2 oozes (D:1)
  An adder skeleton (D:6)
  3 worms
  2 dart slugs
  7 leopard geckos
  21 orcs
  6 bats
  4 giant cockroaches
  10 goblins
  7 hobgoblins (D:1)
  11 jackals
  9 quokkas
  A ball python (D:3)
  8 frilled lizards
  A jackal zombie (D:6)
  6 kobolds
  2 leopard gecko skeletons
  A leopard gecko zombie (D:5)
  A quokka skeleton (D:5)
  6 rats
  8 plants (D:2)
153 creatures vanquished.

Vanquished Creatures (others)
  An orc (D:4)
  A plant (D:2)
2 creatures vanquished.

Grand Total: 155 creatures vanquished

Notes
Turn   | Place    | Note
-------+----------+-------------------------------------------
     0 | D:1      | wyoknott the Hill Orc Fighter began the quest for the Orb.
     0 | D:1      | Reached XP level 1. HP: 19/19 MP: 1/1
    48 | D:1      | Reached XP level 2. HP: 25/27 MP: 2/2
   302 | D:1      | Reached XP level 3. HP: 28/33 MP: 3/3
  1164 | D:2      | Reached XP level 4. HP: 31/40 MP: 4/4
  1242 | D:2      | Found a hide-covered altar of Uskayaw.
  2670 | D:3      | Found a stormy altar of Qazlal.
  2670 | D:3      | Found a basalt altar of Yredelemnul.
  3143 | D:4      | Noticed an ogre
  3153 | D:3      | Killed an ogre
  3153 | D:3      | Reached skill level 1 in Maces & Flails
  3153 | D:3      | Reached XP level 5. HP: 43/47 MP: 5/5
  3301 | D:4      | Reached XP level 6. HP: 53/53 MP: 6/6
  3305 | D:4      | Became a worshipper of Beogh the Brigand
  3374 | D:4      | Reached skill level 2 in Maces & Flails
  3986 | D:5      | Entered Level 5 of the Dungeon
  4097 | D:4      | Reached skill level 5 in Fighting
  4097 | D:4      | Reached skill level 3 in Maces & Flails
  4308 | D:5      | Noticed an ice beast
  4323 | D:5      | Reached XP level 7. HP: 55/61 MP: 7/7
  4330 | D:5      | Reached skill level 5 in Shields
  4363 | D:5      | Found a staircase to the Ecumenical Temple.
  4557 | D:5      | Reached skill level 5 in Armour
  4562 | D:5      | Reached skill level 4 in Maces & Flails
  4633 | D:5      | Noticed Eustachio
  4685 | Temple   | Entered the Ecumenical Temple
  5027 | D:5      | Killed Eustachio
  5105 | D:5      | Reached skill level 5 in Maces & Flails
  5105 | D:5      | Reached XP level 8. HP: 59/68 MP: 8/8
  5106 | D:5      | Found Qosiats's Antique Armour Emporium.
  5118 | D:5      | Bought a spiked chain mail for 218 gold pieces
  5119 | D:5      | armor shop lvl 5
  5129 | D:5      | Identified the +4 chain mail of the Gloaming {rC+} (You
                  | bought it in a shop on level 5 of the Dungeon)
  5452 | D:5      | Found a hazy altar of Hepliaklqana.
  5452 | D:5      | Found a shimmering blue altar of Sif Muna.
  5500 | D:5      | Found a white marble altar of Elyvilon.
  5787 | D:5      | Reached * piety under Beogh
  6020 | D:6      | Found a sand-covered staircase.
  6070 | D:6      | Reached skill level 6 in Maces & Flails
  6089 | D:6      | Got a translucent lead ring
  6149 | D:6      | Identified the ring of the Ban {EV+4 Int+3} (You found it
                  | on level 6 of the Dungeon)
  6811 | D:7      | Reached ** piety under Beogh
  6811 | D:7      | Reached skill level 7 in Maces & Flails
  6816 | D:7      | HP: 2/70 [orc priest/divine providence (11)]
  6817 | D:7      | Killed from afar by an orc priest

Illustrated notes

.<...##. #.....######..
....#### ##.......>.....
#...# #..............
##..## ##.............
.#...# #..............
...#.## ##.............
...#..# ##.............
....#..###........#.##.#
........#......∩@.### .#
....... ..........#
....... ..........#
....... ......#....#
.....). .....###..##
.#....# ..... ....
.#....# .... ....#
.....>. .... .....


Turn 5119 on D:5: armor shop lvl 5

Levels and vault maps discovered:
D:1:      minmay_arrival_diagonal_passages, layout_loops_corners, minmay_cupped
D:2:      wad_woods_stonehenge, layout_basic
D:3:      layout_basic, gammafunk_temple_overflow_wave, st_stairs_9,
          roderic_serpentine_path
D:4:      layout_basic, minmay_misc_feat_pillars
D:5:      layout_cave_pools, gammafunk_temple_overflow_elements,
          minmay_temple_entry_tees, serial_shops, shop, basic_altar,
          first_ration, kennysheep_cross_bottleneck, uniq_eustachio
D:6:      layout_basic, chequers_ossuary_entry_cave
D:7:      layout_loops_ring, uniq_crazy_yiuf_cottage, uniq_harold, uniq_joseph
Temple:   regret_index_temple_generic_petals

Skill      XL: |  1  2  3  4  5  6  7  8 |
---------------+-------------------------+-----
Axes           | 3 4 |  4.7
Fighting       | 4 5 |  5.7
Shields        | 4 5 6 |  6.7
Maces & Flails | 1 3 5 7 |  7.0
Armour         | 4 5 |  5.8
Dodging        | |  0.7

Action                   |  1- 3 |  4- 6 |  7- 9 || total
-------------------------+-------+-------+-------++-------
Melee: War axe           |   147 |   152 |       ||   299
       Mace              |       |    97 |   299 ||   396
Invok: Convert to Beogh  |       |     1 |       ||     1
       Smiting           |       |       |     1 ||     1
  Use: Scroll            |     5 |     8 |     4 ||    17
       Potion            |       |       |     2 ||     2
  Eat: Ration            |     1 |     2 |     2 ||     5
       Chunk             |     1 |     1 |     4 ||     6
Armor: Scale mail        |    35 |       |       ||    35
       Plate armour      |    44 |   121 |   128 ||   293
       Chain mail        |       |       |   114 ||   114
Dodge: Dodged            |    28 |     7 |    69 ||   104
Block: Kite shield       |    43 |       |       ||    43
       Tower shield      |    59 |   177 |   331 ||   567
